 Dungeon Crawl Stone Soup version 0.31-a0-1-g4198be8af4 (webtiles) character file.

Game seed: 6084970260651116389

36823 jasper the Thaumaturge (level 13, 0/68 HPs)
             Began as a Spriggan Earth Elementalist on May 1, 2023.
             Was the Champion of Kikubaaqudgha.
             Slain by a death yak (14 damage)
             ... on level 3 of the Lair of Beasts.
             The game lasted 00:37:30 (18457 turns).

jasper the Thaumaturge (SpEE)                      Turns: 18457, Time: 00:37:31

Health: 0/68       AC:  8    Str:  8    XL:     13   Next: 55%
Magic:  7/32       EV: 24    Int: 22    God:    Kikubaaqudgha [******]
Gold:   660        SH:  0    Dex: 15    Spells: 8/40 levels left

rFire   . . .        T - staff of death
rCold   . . .        (shield currently unavailable)
rNeg    + + +        R - +0 robe of Moral Flaws {rN++ Str+4}
rPois   +            (helmet restricted)
rElec   .            L - +1 cloak {rCorr}
rCorr   +            (gloves unavailable)
SInv    +            (boots unavailable)
Will    ++...        P - amulet of magic regeneration
Stlth   ++           s - ring of poison resistance
HPRegen 0.31/turn    D - +4 ring of protection
MPRegen 0.63/turn

%: no passive effects
@: very quick
A: very small, no large weapons, unfitting armour, see invisible, speed 3
a: Renounce Religion, Unearth Wretches, Torment, Brand Weapon With Pain, Receive
Forbidden Knowledge


You were on level 3 of the Lair of Beasts.
You worshipped Kikubaaqudgha.
Kikubaaqudgha was exalted by your worship.
You visited 3 branches of the dungeon, and saw 16 of its levels.
You also visited: Sewer and Gauntlet.

You collected 963 gold pieces.
You spent 303 gold pieces at shops.

Inventory:

Hand Weapons
 f - a +0 dagger
 h - a +0 short sword
 m - a +0 dagger of venom
 W - a -2 demon whip of venom
Missiles
 c - 34 poisoned darts
 g - 160 stones
 o - 10 curare-tipped darts
 O - 2 throwing nets
Armour
 a - a +0 robe
 y - a +1 troll leather armour {Pargi}
 A - a +0 cloak
 H - a scarf of shadows
 L - a +1 cloak of preservation (worn)
 N - +0 acid dragon scales
 R - the +0 robe of Moral Flaws (worn) {rN++ Str+4}
   (You found it in a Gauntlet)

   Str:       It affects your strength (+4).
   rN:        It greatly protects you from negative energy.
Magical Staves
 M - a staff of air
 T - a staff of death (weapon)
Jewellery
 k - a ring of ice
 s - a ring of poison resistance (left hand)
 D - a +4 ring of protection (right hand)
 P - an amulet of magic regeneration (around neck)
 Q - the amulet of the Seventy-Seven Suns {Spirit Dex+3}
   (You found it in a Gauntlet)

   [amulet of guardian spirit]

   It causes incoming damage to be divided between your reserves of health and
   magic.
   Dex:       It affects your dexterity (+3).
 U - an amulet of reflection
Wands
 l - a wand of quicksilver (11)
 u - a wand of flame (9)
 F - a wand of paralysis (18)
 Y - a wand of mindburst (6)
Scrolls
 j - 3 scrolls of fog
 p - 6 scrolls of enchant armour
 q - 3 scrolls of enchant weapon
 t - 2 scrolls of fear
 w - 7 scrolls of teleportation
 x - 2 scrolls of blinking
 C - a scroll of magic mapping
 G - a scroll of poison
 K - a scroll of immolation
 X - 3 scrolls of identify
Potions
 b - a potion of magic
 d - 3 potions of curing
 e - a potion of degeneration
 i - 11 potions of attraction
 n - 3 potions of might
 r - 4 potions of haste
 v - 4 potions of flight
 z - a potion of brilliance
 B - 2 potions of resistance
 E - 2 potions of lignification
 I - 2 potions of mutation
 J - a potion of berserk rage
 V - a potion of cancellation {unknown}
Miscellaneous
 S - a lightning rod (4/4)


   Skills:
 + Level 7.9 Fighting
 + Level 12.5 Dodging
 - Level 3.0 Stealth
 + Level 14.0 Spellcasting
 + Level 6.6 Conjurations
 - Level 5.0 Hexes
 * Level 7.7 Necromancy
 - Level 1.3 Transmutations
 + Level 0.8 Ice Magic
 - Level 2.2 Air Magic
 - Level 7.0 Earth Magic
 - Level 2.4 Poison Magic
 - Level 6.0 Evocations


You had 8 spell levels left.
You knew the following spells:

 Your Spells              Type           Power      Damage    Failure   Level
a - Sandblast             Erth           92%        2d19      1%          1
b - Passwall              Tmut/Erth      27%        N/A       1%          2
c - Stone Arrow           Conj/Erth      90%        3d12      1%          3
d - Apportation           Tloc           30%        N/A       4%          1
e - Cigotuvi's Dreadful   Necr/Pois/Air  100%       N/A       1%          2
f - Mephitic Cloud        Conj/Pois/Air  32%        N/A       2%          3
g - Sublimation of Blood  Necr           65%        N/A       1%          2
h - Anguish               Hex/Necr       30%        N/A       3%          4
i - Dispel Undead         Necr           65%        3d22      1%          4
j - Animate Dead          Necr           65%        N/A       1%          4
k - Simulacrum            Ice/Necr       25%        N/A       71%         6

Your spell library contained the following spells:

 Spells                   Type           Power      Damage    Failure   Level
 Necrotise                Necr           100%       1d9       1%          1
 Shock                    Conj/Air       100%       1d9       1%          1
 Static Discharge         Conj/Air       70%        2-5/arc   1%          2
 Dazzling Flash           Conj/Hex       82%        N/A       1%          3
 Vampiric Draining        Necr           65%        2d10      1%          3
 Beastly Appendage        Tmut           42%        N/A       2%          1
 Poisonous Vapours        Pois/Air       50%        N/A       2%          2
 Wereblood                Tmut           21%        N/A       3%          2
 Inner Flame              Hex/Fire       26%        N/A       4%          3
 Swiftness                Air            25%        N/A       4%          3
 Agony                    Necr           65%        N/A       4%          5
 Spider Form              Tmut/Pois      23%        N/A       5%          3
 Ignite Poison            Fire/Tmut/Pois 21%        N/A       7%          3
 Petrify                  Tmut/Erth      33%        N/A       7%          4
 Iskenderun's Mystic Bla  Conj/Tloc      30%        2d8       11%         4
 Gell's Gravitas          Tloc           15%        N/A       12%         3
 Teleport Other           Tloc           15%        N/A       12%         3
 Volatile Blastmotes      Fire/Tloc      30%        2d12      12%         3
 Airstrike                Air            12%        2d(2-18)  16%         4
 Summon Lightning Spire   Summ/Air       20%        N/A       26%         4
 Death Channel            Necr           32%        N/A       26%         6
 Freezing Cloud           Conj/Ice/Air   14%        6-21      28%         5
 Yara's Violent Unravell  Hex/Tmut       14%        3d7       30%         5
 Alistair's Intoxication  Tmut/Pois      15%        N/A       45%         5
 Starburst                Conj/Fire      15%        6d6       85%         6
 Dispersal                Tloc           7%         N/A       99%         6
 Enfeeble                 Hex            18%        N/A       99%         7


Dungeon Overview and Level Annotations

Branches:
Dungeon (12/15)            Temple (1/1) D:4            Lair (3/5) D:9
  Snake (0/4) Lair:2        Sewer (visited)         Gauntlet (visited)
  Swamp: Lair:2-3    Shoals: Lair:2-3       Orc: D:9-12

Altars:
Ashenzari
Dithmenos
Kikubaaqudgha
Makhleb
Nemelex Xobeh
Okawaru
Ru
Sif Muna
Trog
Uskayaw
Xom
Yredelemnul

Shops:
D:1 ?   D:9 [

Annotations:
D:6 3 runed translucent doors, garrulousMonolith's ghost, novice GnAE


Innate Abilities, Weirdness & Mutations

You are very small and have problems with some larger weapons.
You are too small for most types of armour.
You have supernaturally acute eyesight. (SInv)
You cover ground extremely quickly. (Speed+++)


Message History

The stone arrow hits the death yak!!
The death yak is severely wounded.
You now have 3/32 mp.
Aiming: Sandblast (safe; 1% risk of failure)
Press: ? - help, Q - select action, (/) - cycle Shift-Dir - straight line, f/p - death yak
Aim: a death yak (heavily wounded, anguished, 95% to hit)
The blast of sand hits the death yak but does no damage.
The death yak is heavily wounded.
The death yak closely misses you.
You now have 2/32 mp.
Aiming: Sandblast (safe; 1% risk of failure)
Press: ? - help, Q - select action, (/) - cycle Shift-Dir - straight line, f/p - death yak
Aim: a death yak (heavily wounded, anguished, 95% to hit)
The blast of sand hits the death yak.
The death yak is severely wounded.
The death yak gores you!!
* * * LOW HITPOINT WARNING * * *
The death yak is wracked by anguish!!
You take 21 damage, and have 10/68 hp.
MASSIVE DAMAGE!!
Aiming: Sandblast (safe; 1% risk of failure)
Press: ? - help, Q - select action, (/) - cycle Shift-Dir - straight line, f/p - death yak
Aim: a death yak (almost dead, anguished, 95% to hit)
The blast of sand hits the death yak but does no damage.
The death yak is almost dead.
Aiming: Sandblast (safe; 1% risk of failure)
Press: ? - help, Q - select action, (/) - cycle Shift-Dir - straight line, f/p - death yak
Aim: a death yak (almost dead, anguished, 95% to hit)
The blast of sand hits the death yak!
The death yak is almost dead.
Casting: Sandblast (safe; 1% risk of failure)
Confirm with . or Enter, or press ? or * to list all spells.
Okay, then.
You hit the bush but do no damage.
The bush writhes in agony.
The bush is lightly damaged.
The death yak misses you.
You hit the bush but do no damage.
The bush writhes in agony!
The bush is lightly damaged.
The death yak gores you!
You die...
Kikubaaqudgha rasps: "You have failed me!
Welcome... death!"

#### ##.### ...#.###
########.#
...#.#.###.#.P..PP#
P...............PP#
.#Z#..........PP@P#
#.##.........PPPYP#
Z.##....####.PPP.P#
...#......#####...##
.P.#...[.#...#.....#
..##....#..........#
...#....#....##....#
..##....##........##
...#....####P##....#


You could see a death yak (anguished).

Vanquished Creatures
  A minotaur (Gauntlet)
  Erica (D:11)
  4 two-headed ogres
  3 death yaks (Lair:3)
  Sonja (D:10)
  Amaemon (Lair:3)
  A shining eye (Gauntlet)
  An oklob plant (Gauntlet)
  2 cyclopes
  4 black mambas (Lair:2)
  4 cane toads
  An orange demon (Lair:3)
  Psyche (D:12)
  A gargoyle (D:10)
  A komodo dragon (Lair:1)
  A rime drake (Lair:2)
  3 trolls
  A polar bear (Lair:3)
  13 blink frogs
  A centaur simulacrum (Gauntlet)
  3 wraiths
  2 wyverns
  A neqoxec (Gauntlet)
  12 yaks
  A basilisk (Lair:2)
  A steam dragon (D:10)
  A golden eye (Gauntlet)
  3 chaos spawn (Gauntlet)
  4 vampire mosquitoes (D:11)
  Edmund (D:5)
  2 acid dragons
  3 wargs (D:9)
  10 water moccasins
  A meliai simulacrum (Gauntlet)
  3 ice beasts
  Pargi (D:4)
  10 wolves
  11 centaurs
  3 ogres
  2 phantoms
  3 kobold brigands
  A gnoll sergeant (D:7)
  7 bullfrogs
  4 scorpions
  A cane toad simulacrum (Gauntlet)
  3 wights (D:7)
  4 killer bees
  6 howler monkeys
  A gnoll bouda (D:7)
  A jelly (D:4)
  7 orc priests
  2 hounds (D:5)
  A sleepcap (D:4)
  Ijyb (D:4)
  9 orc wizards
  3 iguanas
  A hell rat (Lair:3)
  9 gnolls (D:7)
  7 adders
  2 river rats (Sewer)
  A white imp (D:8)
  An ufetubus (D:5)
  3 dart slugs
  33 orcs
  5 bats
  4 endoplasms
  4 giant cockroaches
  5 hobgoblins
  3 jackals (D:1)
  27 kobolds
  5 quokkas
  14 ball pythons
  5 frilled lizards
  16 goblins
  24 rats
344 creatures vanquished.

Vanquished Creatures (collateral kills)
  A death yak (Lair:3)
  A merfolk siren (Lair:3)
  3 cane toads (Lair:3)
  A komodo dragon (Lair:2)
  2 blink frogs (Lair:1)
  A wyvern (D:9)
  9 yaks
  A basilisk (Lair:1)
  A water moccasin (Lair:3)
  11 wolves (Lair:1)
  A centaur (D:11)
  2 hell rats (Lair:3)
  An orc (D:9)
35 creatures vanquished.

Vanquished Creatures (others)
  A hydra (Lair:3)
  A skyshark (Lair:2)
  A lindwurm (Lair:3)
  2 black mambas (Lair:2)
  3 cane toads
  A gargoyle (D:11)
  A komodo dragon (Lair:3)
  A blink frog (Lair:1)
  A black mamba zombie (Lair:2)
  6 yaks
  A merfolk zombie (Lair:3)
  A human zombie (D:11)
  A black bear (Lair:1)
  8 blink frog zombies
  11 wolves (Lair:1)
  3 water moccasin zombies
  11 yak zombies
  14 wolf zombies
  A centaur zombie (D:11)
  A black bear zombie (Lair:1)
  4 hell rats (Lair:3)
  2 kobold zombies (D:9)
  An orc zombie (D:10)
  6 bushes (Lair:3)
  17 fungi
  46 plants
146 creatures vanquished.

Grand Total: 525 creatures vanquished

Notes
Turn   | Place    | Note
-------+----------+-------------------------------------------
     0 | D:1      | jasper the Spriggan Earth Elementalist began the quest for
                  | the Orb.
     0 | D:1      | Reached XP level 1. HP: 9/9 MP: 5/5
   152 | D:1      | Reached skill level 3 in Spellcasting
   243 | D:1      | Found Zeafuy's Magic Scroll Boutique.
   304 | D:1      | Reached XP level 2. HP: 13/13 MP: 5/7
   535 | D:1      | Reached XP level 3. HP: 16/16 MP: 3/8
  1123 | D:1      | Bought a scroll of identify for 28 gold pieces
  1123 | D:1      | Bought a scroll of identify for 28 gold pieces
  1146 | D:2      | Found a shimmering altar of Xom.
  1909 | D:2      | Learned a level 2 spell: Passwall
  1913 | D:2      | Learned a level 3 spell: Stone Arrow
  1915 | D:2      | Learned a level 1 spell: Apportation
  2181 | D:3      | Found a sacrificial altar of Ru.
  2182 | D:3      | Found an iron altar of Okawaru.
  2254 | D:3      | Reached skill level 1 in Evocations
  2254 | D:3      | Reached XP level 4. HP: 21/21 MP: 6/9
  3117 | D:4      | Noticed a +0 dagger
  3118 | D:4      | Noticed a +0 dagger
  3120 | D:4      | Found a hide-covered altar of Uskayaw.
  3121 | D:4      | Noticed a phantom
  3131 | D:4      | Killed a phantom
  3132 | D:4      | Reached XP level 5. HP: 18/24 MP: 4/10
  3192 | D:4      | Reached skill level 5 in Evocations
  3233 | D:4      | Noticed Ijyb
  3269 | D:4      | Killed Ijyb
  3472 | D:4      | Reached XP level 6. HP: 23/28 MP: 2/11
  3545 | D:4      | Learned a level 2 spell: Cigotuvi's Dreadful Rot
  3773 | D:4      | Noticed Pargi
  3795 | D:4      | Killed Pargi
  3796 | D:4      | Reached skill level 1 in Air Magic
  3796 | D:4      | Reached skill level 1 in Poison Magic
  3901 | D:4      | Found a staircase to the Ecumenical Temple.
  3977 | D:4      | Reached skill level 1 in Necromancy
  4026 | Temple   | Entered the Ecumenical Temple
  4056 | Temple   | Became a worshipper of Kikubaaqudgha
  4409 | D:4      | Found a sparkling altar of Nemelex Xobeh.
  4577 | D:5      | Entered Level 5 of the Dungeon
  4624 | D:5      | Reached skill level 4 in Spellcasting
  4624 | D:5      | Reached XP level 7. HP: 9/32 MP: 8/14
  4867 | D:5      | Noticed Edmund
  4949 | D:5      | Killed Edmund
  4950 | D:5      | Reached skill level 1 in Conjurations
  5069 | D:5      | Reached skill level 5 in Spellcasting
  5151 | D:5      | Learned a level 3 spell: Mephitic Cloud
  5236 | D:5      | Found a glowing drain.
  5319 | Sewer    | Entered a sewer
  5448 | Sewer    | Reached * piety under Kikubaaqudgha
  5448 | Sewer    | Received a gift from Kikubaaqudgha
  5453 | Sewer    | Learned a level 2 spell: Sublimation of Blood
  5833 | Sewer    | Reached XP level 8. HP: 36/36 MP: 13/17
  6389 | D:5      | Noticed a two-headed ogre
  6421 | D:5      | Killed a two-headed ogre
  6422 | D:5      | Reached skill level 5 in Conjurations
  6422 | D:5      | Reached skill level 6 in Spellcasting
  6617 | D:6      | Found a shimmering blue altar of Sif Muna.
  6709 | D:6      | Found a runed translucent gate.
  6710 | D:6      | Found a runed translucent gate.
  6711 | D:6      | Found a runed translucent gate.
  6716 | D:6      | Reached ** piety under Kikubaaqudgha
  6717 | D:6      | Reached skill level 1 in Fighting
  6717 | D:6      | Reached XP level 9. HP: 41/41 MP: 15/19
  6722 | D:6      | Noticed garrulousMonolith's ghost (novice GnAE)
  7679 | D:7      | Paralysed by a gnoll sergeant for 5 turns
  7707 | D:7      | Reached skill level 7 in Spellcasting
  7759 | D:7      | Reached skill level 5 in Dodging
  8204 | D:7      | Reached *** piety under Kikubaaqudgha
  8204 | D:7      | Received a gift from Kikubaaqudgha
  8212 | D:7      | Learned a level 4 spell: Anguish
  8217 | D:7      | Learned a level 4 spell: Dispel Undead
  8424 | D:7      | Reached skill level 8 in Spellcasting
  8807 | D:8      | Noticed a two-headed ogre
  8833 | D:8      | Killed a two-headed ogre
  8834 | D:8      | Reached skill level 9 in Spellcasting
  8839 | D:8      | Learned a level 4 spell: Animate Dead
  9529 | D:8      | Reached skill level 10 in Spellcasting
  9529 | D:8      | Reached XP level 10. HP: 49/49 MP: 21/25
  9741 | D:9      | Reached skill level 1 in Hexes
 10150 | D:9      | HP: 2/49 [orc priest/divine providence (14)]
 10162 | D:10     | Entered Level 10 of the Dungeon
 10167 | D:10     | Noticed Sonja
 10175 | D:10     | Killed Sonja
 10568 | D:10     | Noticed a gargoyle
 10573 | D:10     | Killed a gargoyle
 10608 | D:10     | Found a basalt altar of Yredelemnul.
 10750 | D:10     | Reached skill level 5 in Hexes
 10821 | D:10     | Found a shadowy altar of Dithmenos.
 11105 | D:11     | Reached **** piety under Kikubaaqudgha
 11108 | D:11     | Reached skill level 5 in Necromancy
 11277 | D:11     | Noticed a two-headed ogre
 11550 | D:9      | Found Xubunaza's Armour Shop.
 11558 | D:9      | Bought a +1 cloak of preservation for 247 gold pieces
 11713 | D:9      | Found a staircase to the Lair.
 12275 | D:9      | Reached XP level 11. HP: 48/53 MP: 18/26
 12577 | D:11     | Noticed Erica
 12595 | D:11     | Killed Erica
 12596 | D:11     | Reached skill level 11 in Spellcasting
 12602 | D:11     | Your ally Erica died
 12611 | D:11     | Killed a two-headed ogre
 12611 | D:11     | Reached ***** piety under Kikubaaqudgha
 12612 | D:11     | Reached skill level 5 in Fighting
 12615 | D:11     | Noticed a two-headed ogre
 12631 | D:11     | Killed a two-headed ogre
 13405 | Lair:1   | Entered Level 1 of the Lair of Beasts
 13510 | Lair:1   | Reached skill level 12 in Spellcasting
 13794 | D:12     | Found a gate leading to a gauntlet.
 13850 | Gauntlet | Entered a Gauntlet
 13850 | Gauntlet | Noticed an oklob plant
 13850 | Gauntlet | Found a large runed translucent door.
 13850 | Gauntlet | Found a large runed translucent door.
 13850 | Gauntlet | Found a large runed translucent door.
 13850 | Gauntlet | Found a large runed translucent door.
 13850 | Gauntlet | Found a runed translucent door.
 13850 | Gauntlet | Found a large runed translucent door.
 13850 | Gauntlet | Found a large runed translucent door.
 13850 | Gauntlet | Found a transporter.
 13850 | Gauntlet | Found a transporter.
 13850 | Gauntlet | Found a large runed translucent door.
 13850 | Gauntlet | Found a large runed translucent door.
 13850 | Gauntlet | Found a runed translucent gate.
 13850 | Gauntlet | Found a runed translucent gate.
 13850 | Gauntlet | Found a transporter.
 13851 | Gauntlet | Found a transporter.
 13854 | Gauntlet | Found a transporter.
 13872 | Gauntlet | Noticed a dire elephant
 13875 | Gauntlet | Found a transporter.
 13879 | Gauntlet | Found a transporter.
 13886 | Gauntlet | Found a transporter.
 13904 | Gauntlet | Found a transporter.
 13912 | Gauntlet | Found a transporter.
 13930 | Gauntlet | Found a transporter.
 13953 | Gauntlet | Found a runed translucent door.
 13954 | Gauntlet | Found a large runed translucent door.
 13954 | Gauntlet | Found a large runed translucent door.
 13954 | Gauntlet | Found a large runed translucent door.
 13954 | Gauntlet | Found a large runed translucent door.
 13955 | Gauntlet | Found a large runed translucent door.
 13955 | Gauntlet | Found a large runed translucent door.
 13956 | Gauntlet | Found a large runed translucent door.
 13956 | Gauntlet | Found a large runed translucent door.
 13965 | Gauntlet | Found a runed translucent gate.
 13985 | Gauntlet | Found a transporter.
 14000 | Gauntlet | Noticed a shining eye
 14146 | Gauntlet | Killed an oklob plant
 14147 | Gauntlet | Reached skill level 10 in Dodging
 14509 | Gauntlet | Killed a shining eye
 14510 | Gauntlet | Reached XP level 12. HP: 61/61 MP: 21/29
 14554 | Gauntlet | Identified the amulet of the Seventy-Seven Suns {Spirit
                  | Dex+3}
 14606 | Gauntlet | Identified the +4 shortbow of the Forging Messenger
                  | {freeze, Int+3 Dex+2 SInv Stlth-}
 14606 | Gauntlet | Identified the ring "Yxyimnea" {rN+ Will+ Int+4}
 14606 | Gauntlet | Noticed a minotaur
 14610 | Gauntlet | Killed a minotaur
 14615 | Gauntlet | Identified the +0 robe of Moral Flaws {rN++ Str+4}
 14743 | D:12     | Learned a level 6 spell: Simulacrum
 14816 | D:12     | Noticed Psyche
 14820 | D:12     | Killed Psyche
 14838 | D:12     | Noticed a boulder beetle
 14997 | Lair:1   | Reached skill level 13 in Spellcasting
 16702 | Lair:2   | Reached skill level 5 in Earth Magic
 16796 | Lair:2   | Reached XP level 13. HP: 68/68 MP: 20/31
 17119 | Lair:2   | Found a staircase to the Snake Pit.
 17562 | Lair:3   | Noticed Amaemon
 17569 | Lair:3   | Killed Amaemon
 18130 | Lair:3   | Reached ****** piety under Kikubaaqudgha
 18410 | Lair:3   | Reached skill level 14 in Spellcasting
 18457 | Lair:3   | Slain by a death yak

Illustrated notes

Levels and vault maps discovered:
D:1:      lightli_arrival_maybe_door_vault, layout_loops_ring, serial_shops,
          nicolae_shop_pleasant_corner_grove, minmay_tetromino_l2
D:2:      layout_loops_ring, basic_altar
D:3:      layout_basic, mainiacjoe_overflow_divided_tiny, serial_bayou,
          serial_bayou_lagoon_a, serial_bayou_crossing, serial_bayou_ford_a,
          serial_bayou_pond_e, serial_bayou_lagoon_b, hangedman_feature_mirror,
          nicolae_figureground_pulse
D:4:      kennysheep_the_goblin_king, layout_basic, dancing_weapons_uskayaw,
          nemelex_altar_shiori, temple_hall_moat, grunt_decor_fettered,
          uniq_pargi, uniq_ijyb
D:5:      layout_basic, portal_sewer_entry_e, minmay_misc_feat_cross,
          hangedman_decor_points, uniq_edmund
D:6:      layout_loops_ring, led_sif_pool, biasface_ghost_orc_armoury,
          kennysheep_crisscross
D:7:      layout_basic
D:8:      layout_basic
D:9:      layout_loops_corners, erik_lair_orcish_takeover, serial_shops,
          nicolae_shop_hallway_stairs
D:10:     layout_gridville, grunt_dithmenos_smoke_and_mirrors,
          mainiacjoe_overflow_boulevard, st_stairs_3, minivault_24, uniq_sonja
D:11:     layout_long_grid, uniq_erica
D:12:     layout_long_grid, orc_0_dummy, gauntlet_entry_generic, st_stairs_11,
          uniq_psyche
Temple:   regret_index_temple_generic_petals
Lair:1:   statuecave_lemuel, layout_regular_city,
          portal_ice_cave_entry_pillars_2, grunt_forest_large_clearings,
          serial_bayou_shore_b, grunt_megastairs_1
Lair:2:   layout_chaotic_city, minmay_snake_entry_six_corridors,
          grunt_megastairs_5, infiniplex_staircase_pool_2
Lair:3:   cheibrodos_lair_river_kwai, layout_regular_city,
          minmay_shoals_entry_lonely_mermaid, serial_forest,
          infiniplex_forest_clump_curved, infiniplex_forest_clump_medium,
          infiniplex_forest_clump_C, infiniplex_forest_corner_1,
          infiniplex_forest_straight_2, infiniplex_forest_zigzag_2,
          infiniplex_forest_clump_small, infiniplex_forest_lined_1,
          chequers_serial_rivers_marsh, beast_lair_carwin_2, uniq_amaemon

Skill      XL: |  1  2  3  4  5  6  7  8  9 10 11 12 13 |
---------------+----------------------------------------+-----
Spellcasting   | 3 4 5 6 10 12 13 14 | 14.0
Earth Magic    | 3 4 5 7 |  7.0
Evocations     | 1 4 6 |  6.0
Air Magic      | 1 2 |  2.2
Poison Magic   | 1 2 |  2.4
Necromancy     | 1 6 7 |  7.7
Conjurations   | 2 5 6 |  6.6
Dodging        | 3 6 10 12 | 12.5
Fighting       | 1 3 6 7 |  7.9
Hexes          | 5 |  5.0
Stealth        | |  3.0
Transmutations | |  1.3
Ice Magic      | |  0.8

Action                     |  1- 3 |  4- 6 |  7- 9 | 10-12 | 13-15 || total
---------------------------+-------+-------+-------+-------+-------++-------
  Melee: Short sword       |    13 |       |       |       |       ||    13
         Dagger            |     4 |    12 |     6 |    20 |       ||    42
         Unarmed           |       |       |       |    19 |       ||    19
         Staff             |       |       |       |     8 |     2 ||    10
  Throw: Dart              |       |       |     3 |       |       ||     3
         Stone             |       |       |     1 |       |       ||     1
   Cast: Sandblast         |    73 |    75 |   225 |   253 |    42 ||   668
         Mephitic Cloud    |       |       |     3 |    10 |     2 ||    15
         Cigotuvi's Dreadf |       |       |     1 |       |       ||     1
         Animate Dead      |       |       |       |    14 |     3 ||    17
         Anguish           |       |       |       |    26 |    18 ||    44
         Stone Arrow       |       |       |       |   104 |    32 ||   136
         Dispel Undead     |       |       |       |     6 |       ||     6
         Sublimation of Bl |       |       |       |     5 |       ||     5
  Evoke: Wand              |     1 |     2 |     3 |    10 |     5 ||    21
         Lightning rod     |       |       |       |     4 |     4 ||     8
    Use: Scroll            |    11 |     4 |     4 |     6 |     2 ||    27
         Potion            |       |       |       |     2 |       ||     2
   Stab: Sleeping          |       |       |     1 |       |       ||     1
 Armour: Robe              |     3 |     3 |    11 |    30 |    12 ||    59
         Troll leather arm |       |       |       |    27 |       ||    27
         Skin              |       |       |       |    14 |       ||    14
  Dodge: Dodged            |    38 |    41 |   102 |   426 |    94 ||   701

Table legend: (Time is in decaauts)
 A = Elapsed time spent in this place.
 B = Non-inter-level travel time spent in this place.
 C = Inter-level travel time spent in this place.
 D = Time resting spent in this place.
 E = Time spent auto-exploring this place.
 F = Levels seen in this place.
 G = Mean time per level.
                   A        B        C        D        E       F      G
               +--------+--------+--------+--------+--------+-----+--------+
         Total |  14380 |  13901 |    479 |   1296 |   9812 |  18 |  798.9 |
       Dungeon |  10245 |   9803 |    442 |    781 |   7367 |  12 |  853.8 |
        Temple |     32 |     19 |     13 |      0 |     12 |   1 |   32.0 |
          Lair |   2895 |   2873 |     22 |    111 |   2005 |   3 |  965.0 |
         Sewer |    571 |    571 |      0 |    119 |    299 |   1 |  571.0 |
      Gauntlet |    635 |    635 |      0 |    285 |    128 |   1 |  635.0 |
               +--------+--------+--------+--------+--------+-----+--------+

Top non-repeatable levels by time:
     D:9: 1276 daAuts
  Lair:1: 1185 daAuts
     D:4: 1156 daAuts
     D:5: 1080 daAuts
     D:7: 1020 daAuts
    D:10: 1001 daAuts
  Lair:2: 987 daAuts
    D:11: 895 daAuts
     D:1: 884 daAuts
     D:3: 829 daAuts
  Lair:3: 722 daAuts
     D:6: 711 daAuts
Gauntlet: 635 daAuts
     D:8: 594 daAuts
   Sewer: 571 daAuts
